 Dungeon Crawl Stone Soup version 0.23-a0-128-g2d122ddfbf (webtiles) character file.

2148 Napalmbreeze the Cudgeler (level 9, -10/55 HPs)
             Began as a Gargoyle Gladiator on Aug 27, 2018.
             Killed by divine providence
             ... invoked by an orc priest
              (11 damage)
             ... on level 6 of the Dungeon.
             The game lasted 00:15:48 (6823 turns).

Napalmbreeze the Cudgeler (Gargoyle Gladiator)      Turns: 6823, Time: 00:15:49

Health: -10/55     AC: 26    Str: 18    XL:     9   Next: 31%
Magic:  9/9        EV:  8    Int:  9    God:
Gold:   343        SH:  0    Dex: 14    Spells: 8/8 levels left

rFire    . . .     SeeInvis .   a - +0 flail
rCold    . . .     Gourm    .   (no shield)
rNeg     + . .     Faith    .   z - +0 plate armour
rPois    ∞         Spirit   .   c - +0 helmet
rElec    +         Reflect  .   (no cloak)
rCorr    .         Harm     .   A - +1 pair of gloves
MR       .....                  i - +2 pair of boots
Stlth    ..........             t - amulet of rage
HPRegen  0.18/turn              (no ring)
MPRegen  0.11/turn              o - ring of stealth

@: no status effects
A: negative energy resistance 1, electricity resistance, unbreathing,
petrification resistance, rot immunity, AC +6
a: Evoke Berserk Rage


You were on level 6 of the Dungeon.
You were hungry.

You visited 1 branch of the dungeon, and saw 6 of its levels.

You collected 343 gold pieces.

Inventory:

Hand Weapons
 a - a +0 flail (weapon)
Missiles
 d - 3 throwing nets (quivered)
Armour
 c - a +0 helmet (worn)
 i - a +2 pair of boots (worn)
 z - a +0 plate armour (worn)
 A - a +1 pair of gloves (worn)
Jewellery
 k - a +4 ring of intelligence
 o - a ring of stealth (right hand)
 t - an amulet of rage (around neck)
Wands
 p - a wand of acid (14)
Scrolls
 b - 2 scrolls of immolation {unknown}
 j - 2 scrolls of remove curse
 n - 5 scrolls of teleportation {unknown}
 r - a scroll of amnesia {unknown}
 u - 3 scrolls of enchant weapon {unknown}
 v - a scroll of noise {unknown}
 w - 2 scrolls of magic mapping {unknown}
 x - a scroll of enchant armour {unknown}
 y - 3 scrolls of identify {unknown}
 E - a scroll of fear {unknown}
Potions
 e - 4 potions of curing {unknown}
 g - a potion of berserk rage {unknown}
 h - a potion of magic {unknown}
 l - 3 potions of haste
 m - a potion of flight {unknown}
 q - a potion of lignification {unknown}
 s - 3 potions of cancellation {unknown}
 C - 2 potions of mutation {unknown}
 D - a potion of ambrosia {unknown}
Comestibles
 f - 10 rations


   Skills:
 + Level 6.2 Fighting
 + Level 7.3 Maces & Flails
 - Level 1.7 Throwing
 * Level 7.0 Armour
 + Level 5.1 Dodging


You had 8 spell levels left.
You didn't know any spells.
Your spell library was empty.

Dungeon Overview and Level Annotations

Branches:
Dungeon (6/15)             Temple (0/1) D:6

Altars:
Cheibriados
Elyvilon
Fedhas
Makhleb
Nemelex Xobeh
Sif Muna
Wu Jian

Shops:
D:6 :


Innate Abilities, Weirdness & Mutations

You are resistant to torment.
Your stone body is resilient. (AC +6)
You are immune to poison.
You resist negative energy. (rN+)
You are resistant to electric shocks. (rElec)
You can survive without breathing.
You are immune to petrification.
You are immune to rotting.


Message History

The crimson imp hits you but does no damage.
You closely miss the crimson imp. The crimson imp barely misses you.
The orc warrior barely misses you. The crimson imp barely misses you.
You closely miss the crimson imp.
The crimson imp hits you but does no damage.
The orc warrior hits you with a battleaxe!
* * * LOW HITPOINT WARNING * * *
You closely miss the crimson imp.
The crimson imp hits you but does no damage.
Something unseen opens the door.
You hit the crimson imp.
The crimson imp is lightly wounded.
The orc warrior hits you but does no damage.
The crimson imp hits you but does no damage.
You miss the crimson imp.
The orc warrior hits you with a battleaxe.
* * * LOW HITPOINT WARNING * * *
The orc priest mumbles some strange prayers to Beogh against you.
Beogh smites you!
You die...

########.####.# #)# #. #.# #.
#### #.## #.######..##
############o.###.........)#
#..................(...###)# ##
#.###########.#.........##'####.
#.# ##### #o###o###....+∩'....
#.## #...# #.#@5...#...##+#####
#..# #.#.###.#o#+#.#......# ##.#
#.#..##.oo#>#.+.....##
#.####.##..###.###.#.###.##
#......###..##.....#.###>.##
#..##### ##..###+###..###..###
#..# ##..#..##.....##...## #...
##.##..#.....####.(( ##..# #.#
#.......##.)...


You could see an orc warrior, 2 orc priests, a crimson imp and an orc.

Vanquished Creatures
  Pikel (D:6)
  2 ice beasts (D:5)
  Purgy (D:3)
  An orc warrior (D:6)
  A phantom (D:6)
  4 ogres
  A sky beast (D:5)
  A centaur (D:5)
  Blork the orc (D:6)
  2 bullfrogs (D:6)
  A scorpion (D:5)
  2 crimson imps (D:5)
  A centaur zombie (D:5)
  A centaur skeleton (D:4)
  Crazy Yiuf (D:3)
  An orc wizard (D:6)
  2 worker ants
  10 adders
  A shadow imp (D:6)
  2 oozes (D:3)
  2 adder zombies
  3 worms
  A dart slug (D:3)
  4 leopard geckos
  8 orcs
  4 ball pythons
  2 giant cockroaches
  9 goblins
  7 hobgoblins
  7 jackals
  2 quokkas
  2 bats
  6 frilled lizards
  6 kobolds
  A leopard gecko skeleton (D:6)
  A quokka skeleton (D:5)
  9 rats
111 creatures vanquished.

Vanquished Creatures (others)
  An ice beast (D:6)
  A centaur (D:6)
  A quokka (D:6)
3 creatures vanquished.

Grand Total: 114 creatures vanquished

Notes
Turn   | Place    | Note
-------+----------+-------------------------------------------
     0 | D:1      | Napalmbreeze the Gargoyle Gladiator began the quest for the
                  | Orb.
     0 | D:1      | Reached XP level 1. HP: 12/12 MP: 1/1
   166 | D:1      | Reached XP level 2. HP: 13/18 MP: 2/2
   779 | D:2      | Reached skill level 1 in Armour
   797 | D:2      | Reached XP level 3. HP: 22/22 MP: 3/3
  1723 | D:3      | Reached XP level 4. HP: 25/27 MP: 4/4
  2444 | D:3      | Noticed Purgy
  2559 | D:3      | Killed Purgy
  2559 | D:3      | Reached XP level 5. HP: 14/32 MP: 5/5
  2982 | D:3      | Found a runed door.
  2986 | D:3      | Noticed Crazy Yiuf
  2994 | D:3      | Killed Crazy Yiuf
  2994 | D:3      | Reached XP level 6. HP: 37/37 MP: 6/6
  3420 | D:4      | HP: 1/37 [ogre/giant spiked club (3)]
  3817 | D:4      | Reached skill level 5 in Maces & Flails
  3989 | D:4      | Found a burning altar of Makhleb.
  4148 | D:4      | Found an ornate altar of the Wu Jian Council.
  4155 | D:4      | Found a sparkling altar of Nemelex Xobeh.
  4160 | D:4      | Found a snail-covered altar of Cheibriados.
  4210 | D:4      | Found a blossoming altar of Fedhas.
  4440 | D:5      | Entered Level 5 of the Dungeon
  4484 | D:5      | Noticed a sky beast
  4507 | D:5      | Killed a sky beast
  4507 | D:5      | Reached XP level 7. HP: 29/43 MP: 7/7
  5137 | D:5      | Reached XP level 8. HP: 32/48 MP: 8/8
  5682 | D:6      | Reached skill level 5 in Fighting
  5722 | D:6      | Found a white marble altar of Elyvilon.
  5723 | D:6      | Noticed Blork the orc
  5877 | D:6      | Killed Blork the orc
  5920 | D:6      | Reached skill level 5 in Armour
  6107 | D:6      | Found a deep blue altar of Sif Muna.
  6249 | D:6      | Found Vismaa's Book Shop.
  6321 | D:6      | Noticed Pikel
  6348 | D:6      | Killed Pikel
  6348 | D:6      | Reached skill level 5 in Dodging
  6348 | D:6      | Reached XP level 9. HP: 27/55 MP: 9/9
  6813 | D:6      | Found a staircase to the Ecumenical Temple.
  6823 | D:6      | HP: 1/55 [orc warrior/battleaxe (2)]
  6823 | D:6      | Killed from afar by an orc priest

Vault maps used:
D:1:      lemuel_arrival_tunnels
D:3:      uniq_purgy, uniq_crazy_yiuf_cottage
D:4:      lemuel_doored_altar, minmay_overflow_temple_star_quad, first_ration,
          fedhas_altar_4
D:6:      grunt_temple_overflow_open, okawaru_ov_weapons_minmay,
          gammafunk_temple_overflow_elements, minmay_temple_entry_glassed_door,
          serial_shops, nicolae_shop_behind_doors, uniq_pikel,
          uniq_blork_the_orc

Skill      XL: |  1  2  3  4  5  6  7  8  9 |
---------------+----------------------------+-----
Armour         | 1 2 3 4 6 7 |  7.0
Maces & Flails | 4 5 6 7 |  7.3
Fighting       | 3 4 6 |  6.2
Dodging        | 3 4 5 |  5.1
Throwing       | |  1.7

Action                   |  1- 3 |  4- 6 |  7- 9 || total
-------------------------+-------+-------+-------++-------
Melee: Flail             |   133 |   185 |   370 ||   688
  Use: Scroll            |       |       |     2 ||     2
 Stab: Sleeping          |     1 |       |       ||     1
  Eat: Chunk             |     3 |     5 |     8 ||    16
       Ration            |       |     1 |       ||     1
Armor: Leather armour    |    56 |   110 |    34 ||   200
       Plate armour      |       |       |   271 ||   271
Dodge: Dodged            |    93 |   155 |   160 ||   408

Table legend:
 A = Non-vault XP
 B = Vault XP
 C = Vault XP percentage of total XP
 D = Non-vault monster count
 E = Vault monster count
 F = Vault count percentage of total count
                 A         B        C        D         E       F
            +---------+---------+-------+---------+---------+-------
      Total |    2110 |     959 |  31.2 |     107 |       4 |   3.6
            +---------+---------+-------+---------+---------+-------
        D:1 |      25 |       0 |   0.0 |      17 |       0 |   0.0
        D:2 |      49 |       0 |   0.0 |      21 |       0 |   0.0
        D:3 |     102 |     175 |  63.2 |      22 |       2 |   8.3
        D:4 |     245 |       0 |   0.0 |      12 |       0 |   0.0
        D:5 |     811 |       0 |   0.0 |      18 |       0 |   0.0
        D:6 |     878 |     784 |  47.2 |      17 |       2 |  10.5
            +---------+---------+-------+---------+---------+-------
